 Dungeon Crawl Stone Soup version 0.24-a0-335-g06ca16a (webtiles) character file.

Game seed: 7156508206939743361

5570 mhoghedin the Reanimator (level 10, -1/72 HPs)
             Began as a Mummy Necromancer on May 18, 2019.
             Was an Elder of Vehumet.
             Slain by an orc warrior
             ... wielding a +0 halberd
              (10 damage)
             ... in a bailey on May 19, 2019.
             The game lasted 00:32:43 (9515 turns).

mhoghedin the Reanimator (Mummy Necromancer)        Turns: 9515, Time: 00:32:44

Health: -1/72      AC: 18    Str: 14    XL:     10   Next: 44%
Magic:  9/17       EV:  7    Int: 27    God:    Vehumet [****..]
Gold:   565        SH:  5    Dex: 12    Spells: 4/19 levels left

rFire    x . .     SeeInvis .   q - +3 whip (elec)
rCold    + . .     Gourm    .   p - +0 buckler
rNeg     + + +     Faith    +   o - +5 chain mail of Beogh's Displeasure {Regen+ Str+3}
rPois    ∞         Spirit   .   (no helmet)
rElec    .         Reflect  .   m - +1 cloak
rCorr    .         Harm     .   (no gloves)
MR       +....                  h - +0 pair of boots (curse)
Stlth    ..........             g - amulet of faith {Faith, !P}
HPRegen  0.62/turn              i - +5 ring of intelligence
MPRegen  0.15/turn              r - +3 ring of intelligence

@: very slightly contaminated
A: no food or potions, fire vulnerability, cold resistance 1, negative energy
resistance 3, torment resistance, unbreathing
a: Renounce Religion


You were in a bailey.
You worshipped Vehumet.
Vehumet was greatly pleased with you.
You were not hungry.

You visited 2 branches of the dungeon, and saw 10 of its levels.
You also visited: Bailey.

You collected 565 gold pieces.

Inventory:

Hand Weapons
 q - a +3 whip of electrocution (weapon)
   (You took it off Pikel on level 4 of the Dungeon)
Armour
 h - a cursed +0 pair of boots (worn)
   (You found it on level 6 of the Dungeon)
 m - a +1 cloak (worn)
   (You found it on level 3 of the Dungeon)
 o - the +5 chain mail of Beogh's Displeasure (worn) {Regen+ Str+3}
   (You found it on level 4 of the Dungeon)

   It affects your strength (+3).
   It increases your rate of regeneration.
 p - a +0 buckler (worn)
   (You found it on level 2 of the Dungeon)
 w - the cursed +1 scale mail of Boredom {rPois MR- Int+3, unknown}
   (You found it on level 7 of the Dungeon)

   It affects your intelligence (+3).
   It protects you from poison.
   It affects your resistance to hostile enchantments.
   It has a curse placed upon it.
Magical Staves
 k - an uncursed staff of air {rElec}
   (You found it on level 6 of the Dungeon)
Jewellery
 g - an amulet of faith (around neck) {Faith, !P}
   (You found it on level 1 of the Dungeon)
 i - a +5 ring of intelligence (left hand)
   (You found it on level 2 of the Dungeon)
 l - an uncursed ring of flight {+Fly, !d}
   (You found it on level 2 of the Dungeon)
 r - a +3 ring of intelligence (right hand)
   (You found it on level 5 of the Dungeon)
Wands
 e - a wand of acid (2)
   (You took it off a crimson imp on level 6 of the Dungeon)
 j - a wand of paralysis (3)
   (You found it on level 2 of the Dungeon)
 t - a wand of flame (9)
   (You found it on level 5 of the Dungeon)
 u - a wand of iceblast (4)
   (You found it on level 5 of the Dungeon)
 z - a wand of digging (3)
   (You found it on level 8 of the Dungeon)
Scrolls
 a - a scroll of identify
 b - a scroll of fog
 d - 3 scrolls of teleportation
 n - 3 scrolls of remove curse
 s - 2 scrolls of fear
 v - 3 scrolls of enchant armour


   Skills:
 - Level 4.3 Fighting
 - Level 2.6 Maces & Flails
 - Level 5.2 Armour
 - Level 3.8 Dodging
 - Level 1.5 Stealth
 - Level 4.0 Shields
 - Level 5.1 Spellcasting
 + Level 3.9 Conjurations
 - Level 9.1 Necromancy
 + Level 3.9 Transmutations


You had 4 spell levels left.
You knew the following spells:

 Your Spells              Type           Power        Failure   Level  Hunger
a - Pain                  Necr           ####         3%          1    N/A
b - Animate Dead          Necr           N/A          34%         4    N/A
c - Mephitic Cloud        Conj/Pois/Air  ##......     50%         3    N/A
d - Ignite Poison         Fire/Tmut/Pois ##......     50%         3    N/A
x - Vampiric Draining     Necr           ######....   11%         3    N/A
A - Animate Skeleton      Necr           N/A          3%          1    N/A

Your spell library contained the following spells:

 Spells                   Type           Power        Failure   Level  Hunger
 Static Discharge         Conj/Air       ###.....     43%         3    N/A
 Sting                    Conj/Pois      ###.         17%         1    N/A
 Poisonous Vapours        Pois/Air       #.....       91%         2    N/A
 Olgreb's Toxic Radiance  Pois           #.......     96%         4    N/A
 Petrify                  Tmut/Erth      ###.....     99%         4    N/A
 Irradiate                Conj/Tmut      ####......   86%         5    N/A
 Iskenderun's Battlesphe  Conj/Chrm      ###.....     98%         5    N/A
 Venom Bolt               Conj/Pois      ###.......   98%         5    N/A
 Bolt of Magma            Conj/Fire/Erth ##........   99%         5    N/A
 Alistair's Intoxication  Tmut/Pois      ###.....     100%        5    N/A
 Iron Shot                Conj/Erth      ###.......   100%        6    N/A
 Orb of Destruction       Conj           ####......   100%        7    N/A
 Spellforged Servitor     Conj/Summ      ###.......   100%        7    N/A
 Sublimation of Blood     Necr           Unusable     N/A         2    N/A
 Regeneration             Chrm/Necr      Unusable     N/A         3    N/A

Dungeon Overview and Level Annotations

Branches:
Dungeon (9/15)             Temple (1/1) D:4            Lair (0/6) D:9
    Orc: D:9-12

Altars:
Ashenzari
Cheibriados
Dithmenos
Elyvilon
Fedhas
Gozag
Hepliaklqana
Kikubaaqudgha
Makhleb
Nemelex Xobeh
Okawaru
Qazlal
Ru
Sif Muna
Trog
Uskayaw
Vehumet
Wu Jian
Xom
Yredelemnul
Zin
The Shining One

Shops:
D:5 (   D:7 }


Innate Abilities, Weirdness & Mutations

You do not eat or drink.
Your flesh is vulnerable to fire.
You are immune to poison.
Your flesh is cold resistant. (rC+)
You are immune to negative energy. (rN+++)
You are immune to unholy pain and torment.
You can survive without breathing.


Message History

The acid corrodes the troll!
Aim: a troll (heavily wounded, covered in acid)
The bolt of acid hits the troll!
The troll is splashed with acid!
The troll seems to be corroded for longer.
You kill the troll!
Vehumet accepts your kill.
Vehumet offers you knowledge of Static Discharge.
You feel your power returning.
The bolt of acid hits the orc!
The orc is splashed with acid!
You kill the orc!
Vehumet accepts your kill.
You feel your power returning.
MP restored: 17
Items here: ) [[ † a +0 dire flail; a +0 chain mail; a +0 scale mail; an orc corpse You hit the troll.
Lightning courses through the troll! The troll bites you but does no damage.
The troll claws you but does no damage. The troll barely misses you.
You barely miss the troll. The troll bites you but does no damage.
The troll claws you but does no damage. The troll claws you.
You take 3 damage, and have 63/72 hp.
You hit the troll. The troll bites you. The troll barely misses you.
The troll claws you.
You take 8 damage, and have 55/72 hp.
You closely miss the troll. The troll bites you but does no damage.
The troll closely misses you. The troll claws you but does no damage.
You hit the troll. Lightning courses through the troll! The troll bites you.
You block the troll's attack. The troll claws you but does no damage.
You take 1 damage, and have 54/72 hp.
You hit the troll. Lightning courses through the troll!
You kill the troll!
Vehumet accepts your kill.
The troll leather armour is intact enough to wear.
Items here: )) [[[ † a +0 troll leather armour {regen}; a +0 dagger; a +0 robe; a +0 dagger a +0 robe; a troll corpse You see here an orc corpse.
You hear the loud creaking of a portcullis.
Items here: )) [[[ † a +0 troll leather armour {regen}; a +0 dagger; a +0 robe; a +0 dagger a +0 robe; a troll corpse
Items here: ) [[ † a +0 dire flail; a +0 chain mail; a +0 scale mail; an orc corpse
There is a flagged portal here.
The world spins around you as you enter the gateway.
You enter a bailey! 3 orc warriors and 2 orc knights come into view.
The orc warrior shouts! x3; The orc knight shouts! x2; You hear a shout! x3
Found two gates leading back out of this place.
There is an empty arch of ancient stone here.
Found a gate leading back out of this place.
There is an empty arch of ancient stone here.
An orc comes into view. It is wielding a +0 halberd.
An orc warrior comes into view. It is wielding a +0 halberd.
The orc moves out of view.
Found a gate leading back out of this place.
An orc and an orc warrior come into view.
The orc shouts!
The orc warrior shouts!
The orc warrior shoots a bolt.
You block the bolt.
You see here a bolt.
Aim: an orc warrior, wielding a +0 halberd and wearing a +0 ring mail Out of range.
Okay, then.
The orc knight roars a battlecry!
The orcs go into a battle-frenzy!
There is an empty arch of ancient stone here.
There is a gate leading back out of this place here.
The orc warrior hits you from afar with a +0 halberd!!
You take 23 damage, and have 42/72 hp.
MASSIVE DAMAGE!!
The orc knight roars a battlecry!
The orc goes into a battle-frenzy!
There is an empty arch of ancient stone here.
You don't know that spell.
Aim: an orc warrior, wielding a +0 halberd and wearing a +0 plate armour (unusually strong)
You miscast Vampiric Draining.
You are very lightly contaminated with residual magic.
Strange energies run through your body. You block the orc warrior's attack.
You now have 14/17 mp.
Aim: an orc warrior, wielding a +0 halberd and wearing a +0 plate armour (unusually strong)
You miscast Vampiric Draining.
You hear strange and distant voices.
An orc warrior comes into view. It is wielding a +0 halberd.
The orc warrior hits you with a +0 halberd!
The orc knight roars loudly, as Orcs often do.
You take 12 damage, and have 31/72 hp.
You now have 11/17 mp.
Unknown command.
Aim: an orc warrior, wielding a +0 halberd and wearing a +0 plate armour (unusually strong)
You feel life coursing into your body.
The orc warrior hits you with a +0 halberd!
You take 7 damage, and have 24/72 hp.
You now have 8/17 mp.
The orc warrior hits you from afar with a +0 halberd!
* * * LOW HITPOINT WARNING * * *
There is a gate leading back out of this place here.
You take 16 damage, and have 8/72 hp.
MASSIVE DAMAGE!!
Unknown command.
You block the orc warrior's attack.
The orc warrior hits you from afar with a +0 halberd!
You die...

#### ##∩## #####
....##...##.....
≈≈≈..#...#..≈≈≈.
≈o≈≈.......≈≈o≈≈
.oo≈.......≈oo.≈
≈o≈≈.......≈≈o≈≈
#oo(# #.∩.#
##@## ###


You could see 2 orc warriors.

Vanquished Creatures
  Pikel (D:4)
  A queen bee (D:8)
  2 trolls (D:9)
  A hippogriff (D:8)
  A yak (D:9)
  A water moccasin (D:7)
  Duvessa (D:7)
  A slave (D:4)
  3 orc warriors
  4 phantoms
  2 necrophages
  2 ogres
  A centaur (D:4)
  2 crocodiles (D:9)
  3 bullfrogs
  A wyvern zombie (D:9)
  A gnoll sergeant (D:5)
  3 scorpions
  A wyvern skeleton (D:6)
  Dowan (D:7)
  17 killer bees
  2 electric eels (D:6)
  3 crimson imps
  3 howler monkeys
  A centaur zombie (D:6)
  3 bullfrog zombies
  3 jellies
  2 quasits
  2 orc priests
  2 hounds
  5 orc wizards
  A bullfrog skeleton (D:7)
  Ijyb (D:4)
  5 worker ants
  A killer bee zombie (D:6)
  A hound zombie (D:9)
  2 hound skeletons
  9 adders
  7 gnolls
  A howler monkey skeleton (D:6)
  A shadow imp (D:4)
  2 oozes
  An adder skeleton (D:5)
  5 worms
  4 leopard geckos
  24 orcs
  3 ball pythons (D:2)
  8 bats
  5 giant cockroaches
  8 goblins
  5 hobgoblins
  10 jackals
  5 kobolds
  3 quokkas
  13 frilled lizards
  A leopard gecko skeleton (D:4)
  2 quokka skeletons (D:5)
  2 quokka zombies (D:5)
  6 rats
212 creatures vanquished.

Vanquished Creatures (collateral kills)
  4 killer bees (D:8)
  A jelly (D:5)
5 creatures vanquished.

Vanquished Creatures (others)
  An orc wizard (D:4)
  3 orcs (D:4)
4 creatures vanquished.

Grand Total: 221 creatures vanquished

Notes
Turn   | Place    | Note
-------+----------+-------------------------------------------
     0 | D:1      | mhoghedin the Mummy Necromancer began the quest for the
                  | Orb.
     0 | D:1      | Reached XP level 1. HP: 13/13 MP: 4/4
   265 | D:1      | Reached XP level 2. HP: 16/19 MP: 2/5
  1387 | D:2      | Reached skill level 5 in Necromancy
  1489 | D:2      | Reached XP level 3. HP: 24/24 MP: 4/7
  1574 | D:2      | Found a shimmering altar of Xom.
  1850 | D:2      | Found a shimmering altar of Xom.
  1851 | D:2      | Found a shimmering altar of Xom.
  1965 | D:2      | Reached XP level 4. HP: 27/30 MP: 5/8
  2067 | D:2      | Found a shimmering altar of Xom.
  2207 | D:2      | Learned a level 1 spell: Animate Skeleton
  2211 | D:2      | Learned a level 3 spell: Vampiric Draining
  2547 | D:2      | Reached skill level 6 in Necromancy
  2777 | D:3      | Reached XP level 5. HP: 35/35 MP: 6/9
  3047 | D:3      | Noticed a necrophage
  3266 | D:3      | Learned a level 4 spell: Animate Dead
  3589 | D:3      | Killed a necrophage
  3589 | D:3      | Reached skill level 1 in Fighting
  3589 | D:3      | Reached skill level 3 in Spellcasting
  3713 | D:4      | Reached XP level 6. HP: 31/43 MP: 10/10
  3812 | D:4      | Reached skill level 7 in Necromancy
  3956 | D:4      | Noticed Ijyb
  3992 | D:4      | Killed Ijyb
  4128 | D:4      | Noticed a slave
  4128 | D:4      | Noticed a slave
  4129 | D:4      | Noticed Pikel
  4129 | D:4      | Noticed a slave
  4129 | D:4      | Noticed a slave
  4166 | D:4      | Killed a slave
  4175 | D:4      | Killed Pikel
  4175 | D:4      | Reached skill level 3 in Fighting
  4175 | D:4      | Reached skill level 2 in Maces & Flails
  4175 | D:4      | Reached skill level 3 in Dodging
  4175 | D:4      | Reached XP level 7. HP: 52/52 MP: 8/11
  4328 | D:4      | Got a slimy chain mail
  4432 | D:4      | Identified the +5 chain mail of Beogh's Displeasure {Regen+
                  | Str+3} (You found it on level 4 of the Dungeon)
  4493 | D:4      | Found a staircase to the Ecumenical Temple.
  4563 | Temple   | Entered the Ecumenical Temple
  4722 | Temple   | Became a worshipper of Vehumet
  4790 | D:5      | Entered Level 5 of the Dungeon
  4790 | D:5      | Found a basalt altar of Yredelemnul.
  4810 | D:5      | Found Guliz's Antique Weapon Shop.
  4890 | D:4      | Reached XP level 8. HP: 59/59 MP: 6/12
  4977 | D:5      | Reached skill level 1 in Armour
  5094 | D:4      | HP: 13/59 [ogre/+0 giant club (17)]
  5205 | D:4      | Reached skill level 8 in Necromancy
  5265 | D:4      | Reached skill level 2 in Armour
  5365 | D:5      | Reached skill level 4 in Spellcasting
  5376 | D:5      | Reached * piety under Vehumet
  5376 | D:5      | Offered knowledge of Freeze by Vehumet.
  5567 | D:5      | Reached skill level 3 in Armour
  5825 | D:5      | Reached skill level 5 in Spellcasting
  6156 | D:6      | Reached skill level 4 in Armour
  6174 | D:6      | Reached XP level 9. HP: 52/64 MP: 16/16
  6204 | D:6      | Reached ** piety under Vehumet
  6204 | D:6      | Offered knowledge of Sting by Vehumet.
  6464 | D:6      | Reached skill level 9 in Necromancy
  7153 | D:7      | Reached skill level 1 in Shields
  7179 | D:7      | Offered knowledge of Mephitic Cloud by Vehumet.
  7283 | D:7      | Reached skill level 2 in Shields
  7309 | D:7      | Got a polished scale mail
  7526 | D:7      | Found Linik's Gadget Boutique.
  7599 | D:7      | Reached skill level 3 in Shields
  7735 | D:7      | Noticed Duvessa
  7738 | D:7      | Noticed Dowan
  7742 | D:7      | Killed Duvessa
  7747 | D:7      | Killed Dowan
  7958 | D:8      | Found a shattered altar of Ashenzari.
  7966 | D:8      | Found a glowing golden altar of the Shining One.
  7978 | D:8      | Found an ornate altar of the Wu Jian Council.
  7978 | D:8      | Found a burning altar of Makhleb.
  7978 | D:8      | Found a shadowy altar of Dithmenos.
  8036 | D:8      | Found an opulent altar of Gozag.
  8113 | D:8      | Reached skill level 4 in Shields
  8124 | D:8      | Reached *** piety under Vehumet
  8305 | D:8      | Reached skill level 5 in Armour
  8337 | D:8      | Reached skill level 4 in Fighting
  8539 | D:8      | Learned a level 3 spell: Mephitic Cloud
  8543 | D:8      | Learned a level 3 spell: Ignite Poison
  8601 | D:8      | Noticed a queen bee
  8617 | D:8      | Killed a queen bee
  8617 | D:8      | Reached skill level 1 in Conjurations
  8617 | D:8      | Reached skill level 1 in Transmutations
  8619 | D:8      | HP: 16/65 [killer bee (11)]
  8620 | D:8      | HP: 5/65 [killer bee (9)]
  8623 | D:8      | Reached XP level 10. HP: 7/72 MP: 9/17
  8863 | D:8      | Offered knowledge of Airstrike by Vehumet.
  8863 | D:8      | Reached skill level 2 in Conjurations
  8863 | D:8      | Reached skill level 2 in Transmutations
  9119 | D:9      | Found a staircase to the Lair.
  9157 | D:9      | Reached skill level 3 in Conjurations
  9157 | D:9      | Reached skill level 3 in Transmutations
  9350 | D:9      | Found a flagged portal.
  9476 | D:9      | Reached **** piety under Vehumet
  9483 | D:9      | Offered knowledge of Static Discharge by Vehumet.
  9501 | Bailey   | Entered a bailey
  9501 | Bailey   | Noticed an orc knight
  9501 | Bailey   | Noticed an orc knight
  9514 | Bailey   | HP: 8/72 [orc warrior/+0 halberd (16)]
  9515 | Bailey   | Slain by an orc warrior

Levels and vault maps discovered:
D:1:      dpeg_arrival_round_a, layout_basic, serial_bayou_lagoon_a,
          minmay_misc_feat_square, hangedman_feature_mirror, minmay_lizard_king
D:2:      layout_loops_corners, xom_redecorated
D:3:      layout_basic, chequers_big_river
D:4:      layout_rooms, minmay_temple_entry_nine_rooms, kennysheep_small_circle,
          uniq_ijyb, uniq_pikel
D:5:      layout_cave_pools, first_ration, basic_altar, serial_shops,
          nicolae_shop_window_shopping
D:6:      cheibrodos_barr_body, layout_basic, serial_bayou,
          serial_bayou_crossing, serial_bayou_pond_d, serial_bayou_shore_b,
          serial_bayou_pond_b
D:7:      layout_loops_corners, serial_shops, shop, solitary_fountain,
          uniq_duvessa
D:8:      layout_basic, grunt_temple_overflow_open, david_nohive_1
D:9:      layout_gridville, david_lair_generic, enter_bailey_8,
          hangedman_decor_opposing
Temple:   nicolae_temple_elliptical
Bailey:   bailey_polearm_4, bailey

Skill      XL: |  1  2  3  4  5  6  7  8  9 10 |
---------------+-------------------------------+-----
Necromancy     | 5 6 7 8 9 |  9.1
Fighting       | 1 3 4 |  4.3
Spellcasting   | 3 5 |  5.1
Maces & Flails | 2 |  2.6
Dodging        | 3 |  3.8
Armour         | 4 5 |  5.2
Shields        | 4 |  4.0
Conjurations   | 1 3 |  3.9
Transmutations | 1 3 |  3.9
Stealth        | |  1.5

Action                   |  1- 3 |  4- 6 |  7- 9 | 10-12 || total
-------------------------+-------+-------+-------+-------++-------
Melee: Club              |    10 |       |       |       ||    10
       Short sword       |       |    50 |       |       ||    50
       Whip              |       |       |   319 |    91 ||   410
 Cast: Pain              |    79 |    90 |   148 |     3 ||   320
       Animate Dead      |       |     1 |     2 |     1 ||     4
       Vampiric Draining |       |       |     7 |    15 ||    22
Evoke: Wand              |       |     6 |     9 |     8 ||    23
  Use: Scroll            |       |     3 |    17 |       ||    20
 Stab: Paralysed         |       |    22 |     8 |       ||    30
Armor: Robe              |     7 |     4 |     1 |       ||    12
       Chain mail        |       |       |   434 |    84 ||   518
Dodge: Dodged            |    31 |    41 |   206 |    44 ||   322
Block: Buckler           |       |       |    13 |    32 ||    45

Table legend:
 A = Non-vault XP
 B = Vault XP
 C = Vault XP percentage of total XP
 D = Non-vault monster count
 E = Vault monster count
 F = Vault count percentage of total count
                 A         B        C        D         E       F
            +---------+---------+-------+---------+---------+-------
      Total |    4937 |    3021 |  38.0 |     172 |      44 |  20.4
            +---------+---------+-------+---------+---------+-------
        D:1 |      19 |      15 |  44.1 |      12 |      12 |  50.0
        D:2 |      87 |       0 |   0.0 |      31 |       0 |   0.0
        D:3 |     252 |       0 |   0.0 |      16 |       0 |   0.0
        D:4 |     601 |     704 |  53.9 |      26 |       3 |  10.3
        D:5 |     569 |       0 |   0.0 |      20 |       0 |   0.0
        D:6 |     785 |     467 |  37.3 |      24 |      10 |  29.4
        D:7 |     672 |     207 |  23.5 |      14 |       2 |  12.5
        D:8 |     586 |    1216 |  67.5 |      14 |      14 |  50.0
        D:9 |    1366 |     412 |  23.2 |      15 |       3 |  16.7
            +---------+---------+-------+---------+---------+-------

Levels and vault maps discovered:
D:1:      dpeg_arrival_round_a, layout_basic, serial_bayou_lagoon_a,
          minmay_misc_feat_square, hangedman_feature_mirror, minmay_lizard_king
D:2:      layout_loops_corners, xom_redecorated
D:3:      layout_basic, chequers_big_river
D:4:      layout_rooms, minmay_temple_entry_nine_rooms, kennysheep_small_circle,
          uniq_ijyb, uniq_pikel
D:5:      layout_cave_pools, first_ration, basic_altar, serial_shops,
          nicolae_shop_window_shopping
D:6:      cheibrodos_barr_body, layout_basic, serial_bayou,
          serial_bayou_crossing, serial_bayou_pond_d, serial_bayou_shore_b,
          serial_bayou_pond_b
D:7:      layout_loops_corners, serial_shops, shop, solitary_fountain,
          uniq_duvessa
D:8:      layout_basic, grunt_temple_overflow_open, david_nohive_1
D:9:      layout_gridville, david_lair_generic, enter_bailey_8,
          hangedman_decor_opposing
Temple:   nicolae_temple_elliptical
Bailey:   bailey_polearm_4, bailey

Table legend:
 A = Turns spent in this place as a percentage of turns spent in the entire game.
 B = Non-inter-level travel turns spent in this place as a percentage of non-inter-level travel turns spent in the entire game.
 C = Inter-level travel turns spent in this place as a percentage of turns spent in this place.
 D = Turns resting spent in this place as a percentage of non-inter-level travel turns spent in this place.
 E = Turns spent auto-exploring this place as a percentage of non-inter-level travel turns spent in this place.
 F = Non-inter-level travel turns spent in this place divided by the number of levels of this place that you've seen.
                   A       B       C       D       E      F
               +-------+-------+-------+-------+-------+----------------------
         Total | 100.0 | 100.0 |   6.7 |  21.4 |  53.8 | 807.1
       Dungeon |  97.9 |  98.2 |   6.4 |  21.8 |  53.2 | 968.9
        Temple |   2.0 |   1.6 |  23.4 |   0.0 |  98.6 | 144.0
        Bailey |   0.1 |   0.2 |   0.0 |   0.0 |   0.0 |  14.0
               +-------+-------+-------+-------+-------+----------------------

Table legend:
 A = Kills in this place as a percentage of kills in entire the game.
 B = Kills by you in this place as a percentage of kills by you in the entire game.
 C = Kills by friends in this place as a percentage of kills by friends in the entire game.
 D = Other kills in this place as a percentage of other kills in the entire game.
 E = Experience gained in this place as a percentage of experience gained in the entire game.
 F = Experience gained in this place divided by the number of levels of this place that you have seen.
                   A       B       C       D       E      F
               +-------+-------+-------+-------+-------+----------------------
         Total | 100.0 | 100.0 | 100.0 |   N/A | 100.0 | 723.5
       Dungeon | 100.0 | 100.0 | 100.0 |   N/A | 100.0 | 884.2
               +-------+-------+-------+-------+-------+----------------------
